AoeStats
← DeltaOrion

Arena

509565109Analyzed
4v4 RM · 4d ago on Sep 27, 2026· 48m 13s· 8 players
Game mode
Random Map
Map size
Large (8 player)
Population
200
Speed
Normal
Resources
Standard
Victory
Conquest
Starting age
Dark Age
Ending age
Imperial Age
RankedLock teamsTeams togetherTeam positionsShared explorationLock speedFull tech treeHidden civsTurbo modeCheats
Victory
Defeat
🇭🇰 Varangians · Hong Kong SAR China
1268
+16
🇲🇽 Wu · Mexico
1252
+16
🇦🇺 Persians · Australia
1221
+18
🇺🇸 Bohemians · United States
1205
+18
🇲🇽 Mongols · Mexico
1279
-18
🇲🇽 Hindustanis · Mexico
1272
-17
🇲🇽 Danes · Mexico
1254
-17
🇲🇽 Italians · Mexico
1234
-16
VZ | YURIEL
10:05 Feudal Age
8:55 Loom
13:59 Castle Age
15:02 Fletching
15:47 Double-Bit Axe
19:17 Horse Collar
21:10 Bow Saw
29:50 Imperial Age
28:13 Gold Mining
29:10 Red Cliffs Tactics
29:38 Bodkin Arrow
30:45 Gold Shaft Mining
34:30 Bracer
35:38 Sitting Tiger
39:16 Ballistics
39:56 Chemistry
40:02 Elite Fire Archer
40:43 Padded Archer Armor
41:36 Scale Mail Armor
41:43 Scale Barding Armor
43:45 Chain Barding Armor
44:12 Leather Archer Armor
45:04 Wheelbarrow
44:30 Heavy Plow
45:32 Two-Man Saw
47:43 Scale Mail Armor
cedric
10:29 Feudal Age
14:40 Castle Age
13:31 Double-Bit Axe
13:52 Horse Collar
15:56 Bow Saw
19:03 Loom
19:23 Elite Skirmisher
21:46 Fletching
23:04 Wheelbarrow
25:40 Hand Cart
27:05 Town Watch
27:55 Ballistics
28:10 Bodkin Arrow
28:17 Bodkin Arrow
30:22 Chemistry
32:35 Pikeman
33:16 Scale Mail Armor
35:21 Chain Mail Armor
35:52 Forging
43:22 Imperial Age
42:06 Iron Casting
41:20 Arson
41:35 Squires
42:17 Heavy Plow
43:32 Halberdier
44:49 Plate Mail Armor
48:26 Conscription
48:13 Wagenburg Tactics
48:30 Bracer
48:31 Padded Archer Armor
49:32 Blast Furnace
48:35 Padded Archer Armor
DeltaOrion
11:11 Feudal Age
12:00 Double-Bit Axe
15:46 Castle Age
13:58 Horse Collar
17:09 Bow Saw
18:54 Scale Barding Armor
19:00 Forging
20:39 Wheelbarrow
20:46 Bloodlines
23:13 Stone Mining
23:13 Gold Mining
24:42 Chain Barding Armor
25:59 Hand Cart
25:54 Gold Mining
26:39 Stone Shaft Mining
27:45 Husbandry
28:22 Iron Casting
29:07 Heavy Plow
29:34 Town Watch
33:12 Imperial Age
30:46 Fletching
33:09 Scale Mail Armor
34:05 Plate Barding Armor
32:53 Heavy Camel Rider
34:13 Kamandaran
34:37 Conscription
37:48 Stone Shaft Mining
37:48 Gold Shaft Mining
37:05 Cavalier
37:08 Light Cavalry
37:20 Crossbowman
38:06 Thumb Ring
38:17 Savar
39:45 Ballistics
40:26 Chemistry
38:54 Hussar
40:40 Two-Man Saw
39:37 Savar
43:57 Bodkin Arrow
44:02 Padded Archer Armor
45:03 Blast Furnace
45:57 Chain Mail Armor
45:58 Leather Archer Armor
48:17 Leather Archer Armor
Theodore
10:25 Feudal Age
11:40 Double-Bit Axe
14:24 Castle Age
12:29 Horse Collar
15:52 Bow Saw
15:43 Heavy Plow
18:40 Loom
19:02 Town Watch
19:22 Town Watch
21:40 Gold Mining
22:51 Wheelbarrow
22:16 Stone Mining
25:40 Stone Shaft Mining
27:01 Hand Cart
30:40 Imperial Age
28:23 Scale Barding Armor
28:29 Forging
28:47 Forging
29:16 Scale Barding Armor
29:29 Squires
29:14 Arson
30:08 Iron Casting
29:33 Scale Mail Armor
31:29 Bloodlines
31:20 Husbandry
32:30 Chain Barding Armor
33:11 Blast Furnace
34:37 Chain Mail Armor
35:49 Blast Furnace
35:24 Plate Barding Armor
37:19 Plate Mail Armor
37:17 Fletching
38:43 Siege Engineers
38:10 Elite Jarl
39:15 Elite Varangian Guard
40:47 Bodkin Arrow
41:14 Conscription
42:50 Bracer
42:51 Padded Archer Armor
42:37 Gothikon
45:18 Two-Man Saw
44:48 Crop Rotation
44:50 Leather Archer Armor
45:26 Ballistics
46:07 Chemistry
45:05 Heavy Mounted Crossbowman
45:05 Cranequins
46:23 Ring Archer Armor
Greñicov
10:23 Feudal Age
14:49 Castle Age
12:57 Double-Bit Axe
22:59 Wheelbarrow
23:19 Gold Mining
23:12 Horse Collar
27:23 Imperial Age
25:09 Hand Cart
24:41 Town Watch
24:42 Loom
26:09 Forging
26:04 Scale Barding Armor
27:42 Iron Casting
29:08 Grand Trunk Road
30:12 Conscription
30:15 Chain Barding Armor
29:58 Husbandry
30:36 Bow Saw
30:41 Bloodlines
30:29 Heavy Camel Rider
33:17 Town Patrol
34:55 Fortified Wall
36:12 Blast Furnace
36:42 Chemistry
35:43 Padded Archer Armor
36:41 Plate Barding Armor
36:32 Masonry
37:52 Leather Archer Armor
38:39 Gold Shaft Mining
39:29 Stone Mining
39:49 Scale Mail Armor
39:40 Fletching
42:56 Imperial Camel Rider
44:38 Ring Archer Armor
44:24 Chain Mail Armor
45:59 Crossbowman
46:44 Thumb Ring
MOV | 5sparco0
11:28 Feudal Age
16:18 Castle Age
15:10 Double-Bit Axe
15:19 Gold Mining
15:31 Loom
21:32 Elite Skirmisher
35:14 Fletching
35:25 Padded Archer Armor
38:06 Bow Saw
Jack The Handless
10:11 Feudal Age
9:01 Loom
14:08 Castle Age
12:08 Double-Bit Axe
16:42 Horse Collar
21:51 Fletching
22:58 Town Watch
23:48 Wheelbarrow
24:53 Gold Mining
25:18 Bow Saw
25:26 Town Watch
26:03 Padded Archer Armor
26:51 Bodkin Arrow
33:00 Imperial Age
34:56 Conscription
36:47 Ballistics
38:52 Gold Shaft Mining
39:12 Siege Engineers
39:32 Stone Mining
39:54 Bracer
40:52 Stone Shaft Mining
41:29 Leather Archer Armor
41:39 Nomads
42:13 Bloodlines
42:35 Husbandry
44:31 Chemistry
44:23 Elite Mangudai
Radamanthis
11:29 Feudal Age
12:46 Horse Collar
12:53 Double-Bit Axe
13:16 Gold Mining
15:31 Castle Age
19:52 Heavy Plow
20:05 Bow Saw
24:07 Wheelbarrow
24:00 Scale Mail Armor
25:14 Chain Mail Armor
25:20 Squires
26:04 Hand Cart
25:35 Town Watch
26:49 Arson
27:09 Stone Mining
27:11 Gold Mining
28:00 Loom
32:06 Imperial Age
29:35 Gambesons
30:35 Forging
30:43 Scale Barding Armor
30:40 Hamask
32:21 Gold Shaft Mining
32:23 Stone Shaft Mining
32:39 Iron Casting
33:14 Conscription
33:53 Plate Mail Armor
32:47 Elite Varangian Guard
34:46 Murder Holes
36:40 Pikeman
38:16 Halberdier
41:06 Blast Furnace
Connection lost

Rejoining the realm…

Still unreachable

The connection could not be restored.

Session expired

The server has moved on; the page needs a fresh start.